 Dungeon Crawl Stone Soup version 0.14-a0-840-g06343e3 (webtiles) character file.

415 MackTheKnife the Sneak (level 6, -2/39 HPs)
             Began as a Halfling Artificer on Nov 13, 2013.
             Was an Initiate of Nemelex Xobeh.
             Killed from afar by an orc wizard (7 damage)
             ... with a magic dart
             ... on Level 4 of the Dungeon.
             The game lasted 00:08:21 (3986 turns).

MackTheKnife the Sneak (Halfling Artificer)         Turns: 3986, Time: 00:08:21

HP  -2/39        AC  4     Str  8      XL: 6   Next: 67%
MP   9/9         EV 14     Int 12      God: Nemelex Xobeh [......]
Gold 110         SH  0     Dex 19      Spells:  0 memorised,  5 levels left

Res.Fire  : . . .   See Invis. : .   g - +3,+2 dwarf short sword (vamp)
Res.Cold  : . . .   Warding    : .   e - +0 leather armour
Life Prot.: . . .   Conserve   : .   (no shield)
Res.Poison: .       Res.Corr.  : .   (no helmet)
Res.Elec. : .       Clarity    : .   f - +0 dwarf cloak
Sust.Abil.: . .     Spirit.Shd : .   (no gloves)
Res.Mut.  : .       Stasis     : .   (no boots)
Res.Rott. : .       Flight     : .   (no amulet)
Saprovore : . . .                    (no ring)
                                     w - ring of teleport control

@: slightly resistant to hostile enchantments, quite stealthy
A: mutation resistance 1, slow metabolism 1
a: Renounce Religion, Evoke Teleport Control


You were on level 4 of the Dungeon.
You worshipped Nemelex Xobeh.
Nemelex Xobeh was noncommittal.
You were not hungry.

You visited 1 branch of the dungeon, and saw 5 of its levels.

You collected 110 gold pieces.


Innate Abilities, Weirdness & Mutations

You are small and have problems with some larger weapons.
You are somewhat resistant to further mutation.
You have a slow metabolism.


   Skills:
 - Level 0.8 Fighting
 + Level 5.4 Short Blades
 + Level 3.9 Dodging
 + Level 5.5 Stealth
 - Level 3.3 Evocations


You had 5 spell levels left.
You didn't know any spells.

Inventory:

Hand weapons
 g - a +3,+2 dwarven vampiric short sword (weapon)
Armour
 e - a +0 leather armour (worn)
 f - a +0 dwarven cloak (worn)
 j - a +0 shield
Magical devices
 b - a wand of flame (15)
 c - a wand of enslavement (13)
 d - a wand of random effects (15)
 u - a wand of fireball (4)
Comestibles
 h - a meat ration
 r - an apple
 v - a rotting chunk of worker ant flesh {@*1}
Scrolls
 l - 2 scrolls of identify
 m - 2 scrolls of magic mapping
 s - a scroll of remove curse
 t - a scroll of noise {unknown}
 x - a scroll of amnesia {unknown}
Jewellery
 w - a ring of teleport control (left hand)
Potions
 a - 2 potions of restore abilities {unknown}
 i - a potion of mutation {unknown}
 k - a potion of invisibility {unknown}
 o - a potion of slowing {unknown}
 p - 2 potions of poison {unknown}
 z - a potion of might {unknown}
Books
 n - a book of Ice

   Spells                             Type                      Level
   Freezing Aura                      Charms/Ice                   2
   Ensorcelled Hibernation            Hexes/Ice                    2
   Ozocubu's Refrigeration            Ice                          6
   Bolt of Cold                       Conjuration/Ice              6
   Freezing Cloud                     Conjuration/Ice/Air          6
   Metabolic Englaciation             Hexes/Ice                    6
   Simulacrum                         Ice/Necromancy               6
Miscellaneous
 q - a plain deck of destruction

(▒
▒▒▒▒·▒▒▒·▒▒▒▒▒▒▒▒▒···········▒
·▒ ▒·▒ ▒·········▒···········▒
·▒ ▒·▒ ▒▒▒▒▒▒▒▒▒·············▒
·▒ ▒·▒ ▒▒▒··▒)▒······▒ ▒▒ ▒·▒
▒▒▒·_·▒▒▒▒▒▒▒ ▒·▒ ▒▒▒▒▒·▒·▒▒▒
▒▒'▒▒▒▒▒▒▒▒▒▒▒▒·········▒ ▒▒
▒············▒·····b····▒ ·▒
▒···o······@············▒ ·▒
▒▒▒············)▒·········▒
·▒▒▒·'·······>·····▒·········▒
·▒▒··▒·····>·······▒·········▒
·▒··▒▒·············▒·········▒
·▒·▒▒▒·············▒·········▒
·'·▒ ▒·············▒·········▒
·▒▒▒ ▒············▒▒▒▒▒'▒▒▒▒▒▒
·▒ ▒▒▒▒▒▒'▒▒▒▒▒▒▒ ▒·▒


You could see an orc wizard and a bat.


Message History

The ogre hits you with a giant club!
Ouch! That really hurt!
* * * LOW HITPOINT WARNING * * *
Evoke which item? (* to show all) (? for menu, Esc to quit)
Zapping:
c - a wand of enslavement (15)
Aim: an ogre, wielding a giant club (heavily wounded)
The ogre struggles to resist.
This wand has 14 charges left.
Evoke which item? (* to show all) (? for menu, Esc to quit)
Zapping:
c - a wand of enslavement (14)
Aim: an ogre, wielding a giant club (heavily wounded)
The ogre easily resists.
This wand has 13 charges left.
The ogre misses you. The ogre hits you with a giant club.
* * * LOW HITPOINT WARNING * * *
4tharraofdagon's ghost turns its malevolent gaze towards you. 4tharraofdagon's ghost whispers, "Trust me.
Just give in." 4tharraofdagon's ghost barely misses you.
There is a stone staircase leading up here. 4tharraofdagon's ghost hits you!
* * * LOW HITPOINT WARNING * * *
You climb upwards.
There is a stone staircase leading down here.
You start resting.
An orc wizard is nearby!
Read which item? (? for menu, Esc to quit)
Okay, then.
You smell something rotten. (slot v)
The orc wizard gestures at you while chanting.
The magic dart hits you!
You die...
Your body disappears without a glow.

Action                   |  1- 3 |  4- 6 || total
-------------------------+-------+-------++-------
Melee: Short sword       |    77 |   214 ||   291
Evoke: Wand              |       |     3 ||     3
  Use: Scroll            |     3 |     4 ||     7
       Potion            |       |     2 ||     2
 Stab: Sleeping          |     3 |     5 ||     8

Vault maps used:
D:1:      minmay_entry_four_circles, minmay_misc_feat_nine_boxes,
          minmay_misc_feat_chi
D:3:      infiniplex_staircase_door_maze, nemelex_xobeh_ov_fountains_minmay,
          uniq_sigmund
D:4:      lemuel_crystal_altar, serial_shops, shop, minmay_unequal
D:5:      elyvilon_altar_5, first_bread

Notes
Turn   | Place    | Note
--------------------------------------------------------------
     0 | D:1      | MackTheKnife, the Halfling Artificer, began the quest for the Orb.
     0 | D:1      | Reached XP level 1. HP: 14/14 MP: 1/1
   205 | D:1      | Reached XP level 2. HP: 19/19 MP: 3/3
   278 | D:1      | Reached skill level 3 in Dodging
   346 | D:1      | Reached skill level 2 in Short Blades
   669 | D:2      | Reached skill level 2 in Stealth
  1033 | D:2      | Reached XP level 3. HP: 20/24 MP: 4/4
  1143 | D:2      | Reached skill level 3 in Short Blades
  1172 | D:2      | Reached XP level 4. HP: 29/29 MP: 6/6
  1713 | D:2      | Reached skill level 3 in Stealth
  1855 | D:3      | Noticed Sigmund
  1936 | D:3      | Reached skill level 4 in Short Blades
  1938 | D:3      | Reached XP level 5. HP: 24/34 MP: 7/7
  2392 | D:3      | Found a sparkling altar of Nemelex Xobeh.
  2436 | D:3      | Became a worshipper of Nemelex Xobeh
  2483 | D:3      | Received a gift from Nemelex Xobeh
  2818 | D:4      | Found Zuenot's General Store.
  2894 | D:4      | Found a deep blue altar of Sif Muna.
  2980 | D:4      | Reached skill level 4 in Stealth
  3240 | D:4      | Reached XP level 6. HP: 10/39 MP: 9/9
  3532 | D:4      | Noticed a phantom
  3565 | D:4      | Killed a phantom
  3565 | D:4      | Reached skill level 5 in Short Blades
  3565 | D:4      | Reached skill level 5 in Stealth
  3880 | D:5      | Entered Level 5 of the Dungeon
  3905 | D:5      | Found a white marble altar of Elyvilon.
  3912 | D:5      | Noticed 4tharraofdagon's ghost (average OgGl)
  3936 | D:5      | Paralysed by a giant eyeball for 3 turns
  3962 | D:5      | HP: 2/39 [4tharraofdagon's ghost (10)]
  3986 | D:4      | Killed from afar by an orc wizard

Vanquished Creatures
  A phantom (D:4)
  A hound (D:4)
  2 worker ants (D:4)
  3 gnolls (D:3)
  An adder (D:2)
  A giant mite (D:2)
  5 worms
  A giant eyeball (D:5)
  8 giant geckos
  2 orcs
  6 bats
  3 giant cockroaches
  7 hobgoblins
  5 jackals
  3 giant newts
  A giant newt skeleton (D:4)
  10 goblins
  A hobgoblin skeleton (D:4)
  5 kobolds
  A quokka (D:5)
  4 rats
71 creatures vanquished.
